 Dungeon Crawl Stone Soup version 0.17-a0-1850-g688e747 (webtiles) character file.

1885 Oddball22 the Summoner (level 8, -4/60 HPs)
             Began as a Demonspawn Summoner on Sept 19, 2015.
             Was a Believer of Sif Muna.
             Shot with a sling bullet by Joseph (17 damage)
             ... on level 7 of the Dungeon.
             The game lasted 00:27:26 (8363 turns).

Oddball22 the Summoner (Demonspawn Summoner)        Turns: 8363, Time: 00:27:27

Health: -4/60      AC:  6    Str: 10    XL:     8   Next: 92%
Magic:  0/17       EV: 13    Int: 16    God:    Sif Muna [**....]
Gold:   236        SH:  0    Dex: 15    Spells: 6 memorised, 2 levels left

rFire  . . .     SeeInvis .     y - +0 spear (venom)
rCold  + + .     Clarity  .     q - +1 robe {rC+}
rNeg   . . .     SustAt   .     (no shield)
rPois  .         Gourm    .     (helmet restricted)
rElec  .         Spirit   +     (no cloak)
rCorr  .         Warding  .     (no gloves)
rMut   .         Stasis   .     s - +0 pair of boots
MR     .....                    g - amulet of guardian spirit
Stlth  ++........               B - ring of wizardry
                                D - +3 ring of slaying

@: not resistant to hostile enchantments, unstealthy
A: horns 1, thin metallic scales 1, cold resistance 1, demonic guardian 2
a: Channel Energy, Forget Spell, Renounce Religion


You were on level 7 of the Dungeon.
You worshipped Sif Muna.
Sif Muna was pleased with you.
You were not hungry.

You visited 2 branches of the dungeon, and saw 8 of its levels.

You collected 236 gold pieces.

Inventory:

Hand weapons
 y - a +0 spear of venom (weapon)
Armour
 q - a +1 robe of cold resistance (worn)
 s - a +0 pair of boots (worn)
 C - a +2 leather armour of positive energy
Jewellery
 g - an amulet of guardian spirit (around neck)
 k - a +2 ring of dexterity
 w - an uncursed ring of sustain attributes
 B - a ring of wizardry (right hand)
 D - a +3 ring of slaying (left hand)
 H - the ring "Hyx Soavyv" {rC- MP+9 Str+7 Stlth-}
   (You found it on level 6 of the Dungeon)

   [ring of loudness]

   It affects your strength (+7).
   It makes you vulnerable to cold.
   It affects your magic capacity (+9).
   It makes you less stealthy.
 I - a +5 ring of strength
Magical devices
 e - a wand of slowing (40)
 E - a wand of fire (6)
Scrolls
 f - a scroll of torment {unknown}
 m - a scroll of random uselessness {unknown}
 n - a scroll of enchant weapon {unknown}
 o - a scroll of blinking {unknown}
 p - 4 scrolls of remove curse
 v - a scroll of recharging {unknown}
 x - a scroll of magic mapping
 F - a scroll of fear {unknown}
Potions
 a - a potion of agility {unknown}
 d - a potion of haste {unknown}
 i - 2 potions of curing
 l - a potion of flight
 t - a potion of brilliance {unknown}
 u - a potion of lignification {unknown}
Books
 b - a book of Callings

   Spells                             Type                      Level
   a - Summon Small Mammal            Summoning                    1
   b - Call Imp                       Summoning                    2
   c - Call Canine Familiar           Summoning                    3
   d - Summon Guardian Golem          Hexes/Summoning              3
   e - Summon Lightning Spire         Summoning/Air                4
   f - Summon Ice Beast               Ice/Summoning                4
 A - the Catalogue of Feathery Orientation
   (You found it on level 4 of the Dungeon)

   Spells                             Type                      Level
   a - Mephitic Cloud                 Conjuration/Poison/Air       3
   b - Recall                         Summoning/Translocation      3
   c - Teleport Other                 Translocation                3
   d - Phase Shift                    Translocation                5
   e - Deflect Missiles               Charms/Air                   6
Comestibles
 c - 7 bread rations
 h - a meat ration
 j - 4 chunks of flesh
 r - a slice of pizza
 z - a royal jelly


   Skills:
 - Level 4.0 Fighting
 - Level 2.7 Polearms
 - Level 3.3 Dodging
 - Level 1.7 Stealth
 * Level 6.4 Spellcasting
 + Level 8.1 Summonings


You had 2 spell levels left.
You knew the following spells:

 Your Spells              Type           Power        Failure   Level  Hunger
a - Summon Small Mammal   Summ           ####         1%          1    None
b - Call Imp              Summ           ####....     1%          2    None
c - Call Canine Familiar  Summ           ####....     1%          3    ##.....
d - Summon Guardian Gole  Hex/Summ       ###.....     4%          3    ##.....
e - Summon Ice Beast      Ice/Summ       ###.....     12%         4    ####...
f - Summon Lightning Spi  Summ/Air       ###.....     12%         4    ####...


Dungeon Overview and Level Annotations

Branches:
Dungeon (7/15)             Temple (1/1) D:5

Altars:
Ashenzari
Cheibriados
Dithmenos
Elyvilon
Nemelex Xobeh
Okawaru
Qazlal
Sif Muna
Trog
Vehumet
Xom
Yredelemnul
The Shining One

Shops:
D:5 *

Annotations:
D:7 Joseph


Innate Abilities, Weirdness & Mutations

You have a pair of small horns on your head.
You are partially covered in thin metallic scales (AC +2).
Your flesh is cold resistant.
A demonic guardian rushes to your aid.


Message History

The sling bullet hits you!
Attack whom?
Press: ? - help, Dir - move target cursor, f/p - Joseph
Aim: Joseph, wielding a hunting sling of evasion and wearing a leather armour (lightly wounded)
You could not reach far enough!
Your ice devil disappears in a puff of smoke!
Your lightning spire shoots out a bolt of lightning at Joseph!
The bolt of electricity hits Joseph.
You hit Joseph but do no damage.
Joseph is poisoned.
Joseph is moderately wounded.
Your lightning spire shoots out a bolt of lightning at Joseph!
The bolt of electricity hits Joseph.
Joseph unwields an uncursed hunting sling of evasion.
Joseph wields an uncursed quarterstaff of crushing.
Joseph hits you with an uncursed quarterstaff of crushing!
* * * LOW HITPOINT WARNING * * *
x2 Joseph unwields an uncursed quarterstaff of crushing.
Joseph wields an uncursed hunting sling of evasion.
Joseph shoots a sling bullet.
The sling bullet hits you!!
You die...

.............###.......
.>....######..........#
......# #.............#
......###.............#
....#.)...)...........#
########.))#..##......##.
#######......#.........
......#......##....##..
...........#..@.####
...........#....3## ..
...........##..#(8# ...
......#....#...##@# #.#
#..####..###.####.# .....
... #### #+ #.####.#.#.
## #.(.#..).!. ###(@..#
#$##.†...


You could see Joseph, a friendly ice devil and a friendly lightning spire.

Vanquished Creatures
  Duvessa (D:7)
  An orc warrior (D:7)
  An ogre (D:7)
  A centaur (D:3)
  2 hounds
  A crimson imp (D:6)
  3 orc priests
  3 orc wizards (D:6)
  A centaur skeleton (D:7)
  A jelly (D:5)
  A quasit (D:5)
  A gnoll shaman (D:6)
  2 worker ants
  A hound zombie (D:5)
  Robin (D:3)
  2 gnolls (D:6)
  5 adders
  2 shadow imps
  2 oozes
  An adder zombie (D:5)
  2 worms
  4 giant geckos
  17 orcs
  6 bats
  7 goblins
  8 hobgoblins
  5 jackals
  3 quokkas
  2 ball pythons
  2 giant cockroaches
  A giant gecko skeleton (D:6)
  4 giant newts
  3 kobolds
  6 rats
103 creatures vanquished.

Vanquished Creatures (collateral kills)
  5 yaks
  An orc warrior (D:6)
  A phantom (D:6)
  A water moccasin skeleton (D:6)
  Dowan (D:7)
  4 wights (D:4)
  2 giant frog zombies (D:5)
  A quasit (D:6)
  A giant frog skeleton (D:4)
  5 orc priests
  3 orc wizards
  A jelly (D:7)
  Terence (D:3)
  An iguana (D:5)
  A worker ant zombie (D:6)
  3 adders
  6 gnolls
  An adder skeleton (D:6)
  2 worms (D:3)
  9 orcs
  A ball python (D:2)
  7 goblins
  4 hobgoblins
  5 jackals
  A giant gecko skeleton (D:7)
  A giant newt (D:7)
  A jackal zombie (D:5)
  4 kobolds
  A quokka skeleton (D:7)
75 creatures vanquished.

Grand Total: 178 creatures vanquished

Notes
Turn   | Place    | Note
--------------------------------------------------------------
     0 | D:1      | Oddball22 the Demonspawn Summoner began the quest for the Orb.
     0 | D:1      | Reached XP level 1. HP: 13/13 MP: 3/3
   526 | D:1      | Gained mutation: You are partially covered in thin metallic scales (AC +2). [demonic ancestry]
   526 | D:1      | Reached XP level 2. HP: 20/20 MP: 0/5
  1019 | D:1      | Learned a level 2 spell: Call Imp
  1448 | D:2      | Reached skill level 1 in Fighting
  1596 | D:2      | Gained mutation: A weak demonic guardian rushes to your aid. [demonic ancestry]
  1596 | D:2      | Reached XP level 3. HP: 22/26 MP: 3/6
  1833 | D:2      | Found an iron altar of Okawaru.
  2089 | D:2      | Learned a level 3 spell: Call Canine Familiar
  2787 | D:3      | Noticed Terence
  2824 | D:3      | Killed Terence
  2824 | D:3      | Gained mutation: You have a pair of small horns on your head. [demonic ancestry]
  2824 | D:3      | Reached XP level 4. HP: 24/32 MP: 2/7
  2966 | D:3      | Reached skill level 5 in Summonings
  2968 | D:3      | Noticed Robin
  2981 | D:3      | Killed Robin
  3207 | D:3      | Found a snail-covered altar of Cheibriados.
  3340 | D:3      | Reached XP level 5. HP: 38/38 MP: 5/8
  3638 | D:3      | Found a glowing golden altar of the Shining One.
  3660 | D:3      | Found a basalt altar of Yredelemnul.
  3660 | D:3      | Noticed a centaur
  3667 | D:3      | Killed a centaur
  3734 | D:3      | Noticed an angel
  3846 | D:4      | Gained mutation: A demonic guardian rushes to your aid. [demonic ancestry]
  3846 | D:4      | Reached XP level 6. HP: 9/46 MP: 0/9
  3849 | D:4      | Reached skill level 6 in Summonings
  3854 | D:4      | Reached skill level 1 in Polearms
  4530 | D:4      | Identified the Catalogue of Feathery Orientation
  4595 | D:4      | Learned a level 3 spell: Summon Guardian Golem
  5041 | D:4      | HP: 2/46 [orc priest/nerve-wracking pain (7)]
  5371 | D:5      | Entered Level 5 of the Dungeon
  5580 | D:5      | Found a staircase to the Ecumenical Temple.
  5588 | Temple   | Entered the Ecumenical Temple
  5612 | Temple   | Became a worshipper of Sif Muna the Loreminder
  5667 | D:5      | Gained mutation: Your flesh is cold resistant. [demonic ancestry]
  5667 | D:5      | Reached XP level 7. HP: 42/52 MP: 4/11
  5736 | D:5      | Found Woso's Assorted Antiques.
  6368 | D:6      | Noticed a yak
  6368 | D:6      | Noticed a yak
  6368 | D:6      | Noticed a yak
  6368 | D:6      | Noticed a yak
  6368 | D:6      | Noticed a yak
  6385 | D:5      | Killed a yak
  6389 | D:5      | Killed a yak
  6391 | D:5      | Killed a yak
  6457 | D:6      | Killed a yak
  6459 | D:6      | Killed a yak
  6459 | D:6      | Acquired Sif Muna's first power
  6459 | D:6      | Reached XP level 8. HP: 31/60 MP: 7/14
  6622 | D:6      | Learned a level 4 spell: Summon Ice Beast
  6656 | D:6      | Reached skill level 7 in Summonings
  6905 | D:6      | Found a sparkling altar of Nemelex Xobeh.
  6912 | D:6      | Found a bloodstained altar of Trog.
  6912 | D:6      | Found a radiant altar of Vehumet.
  6912 | D:6      | Found a shattered altar of Ashenzari.
  6915 | D:6      | Found a shimmering altar of Xom.
  6916 | D:6      | Found a shadowy altar of Dithmenos.
  6917 | D:6      | Found a white marble altar of Elyvilon.
  7138 | D:6      | Reached skill level 5 in Spellcasting
  7159 | D:6      | Learned a level 4 spell: Summon Lightning Spire
  7376 | D:6      | Got a glittering pewter ring
  7429 | D:6      | Identified the ring "Hyx Soavyv" {rC- MP+9 Str+7 Stlth-} (You found it on level 6 of the Dungeon)
  7965 | D:7      | Noticed Dowan
  7967 | D:7      | Noticed Duvessa
  7975 | D:7      | Killed Dowan
  7975 | D:7      | Acquired Sif Muna's second power
  7979 | D:7      | Killed Duvessa
  8121 | D:7      | Reached skill level 8 in Summonings
  8338 | D:7      | Noticed Joseph
  8363 | D:7      | Shot with a sling bullet by Joseph

Vault maps used:
D:1:      minmay_arrival_split_and_join
D:2:      okawaru_metal_pillars_3
D:3:      grunt_temple_overflow_holy_war, cheibriados_altar_wand_db,
          uniq_terence, uniq_robin
D:4:      first_bread
D:5:      minmay_temple_entry_mist, serial_shops, nicolae_shop_behind_doors
D:6:      minitemple
D:7:      gammafunk_temple_overflow_elements, basic_altar, grunt_livestock,
          hangedman_decor_riveting, lightli_church_of_beogh, uniq_duvessa,
          uniq_joseph
Temple:   nicolae_temple_hex_pool_5

Action                   |  1- 3 |  4- 6 |  7- 9 || total
-------------------------+-------+-------+-------++-------
Melee: Dagger            |    72 |    30 |       ||   102
       Unarmed           |     7 |       |       ||     7
       Spear             |    65 |    99 |   195 ||   359
 Cast: Summon Small Mamm |    15 |       |       ||    15
       Call Canine Famil |     6 |    16 |     9 ||    31
       Call Imp          |       |     2 |     3 ||     5
       Summon Lightning  |       |       |     4 ||     4
       Summon Ice Beast  |       |       |     1 ||     1
       Summon Guardian G |       |       |     1 ||     1
  Use: Scroll            |     3 |     1 |     6 ||    10
       Potion            |       |     4 |       ||     4
 Stab: Sleeping          |     7 |     3 |     6 ||    16
       Distracted        |     1 |     2 |     2 ||     5
  Eat: Chunk             |     7 |    11 |     9 ||    27
       Beef jerky        |       |       |     1 ||     1
